[Event "Najdorf Memorial-B 2022"]
[Site "Warsaw"]
[Date "2022.07.10"]
[Round "2.8"]
[White "Szyszko, Jan"]
[Black "Kobus, Stanislaw"]
[Result "1/2-1/2"]
[ECO "E91"]
[WhiteElo "1706"]
[BlackElo "1427"]
[Annotator "NA RC"]
[PlyCount "44"]
[EventDate "2022.07.09"]
[EventType "swiss"]
[EventCountry "POL"]
[SourceTitle "playchess.com"]
[Source "ChessBase"]
[SourceQuality "1"]
[TimeControl "40/5400+30:1800+30"]

1. Nf3 g6 2. e4 Bg7 3. d4 d6 4. c4 Nf6 5. Nc3 O-O 6. Be2 c5 7. O-O cxd4 8. Nxd4 Nc6 9. Be3 Bd7 10. Rc1 Nxd4 11. Bxd4 Bc6 12. f3 Bh6 13. Rc2 Nh5 14. b4 b6 15. b5 Bb7 16. Nd5 Nf4 17. Nxf4 Bxf4 18. Qd3 f5 19. exf5 Rxf5 20. g3 Be5 21. f4 Bxd4+ 22. Qxd4 e5 1/2-1/2

[Event "Najdorf Memorial-B 2022"]
[Site "Warsaw"]
[Date "2022.07.10"]
[Round "2.9"]
[White "Hartman, Aleksander"]
[Black "Stefaniuk, Zbigniew"]
[Result "1/2-1/2"]
[ECO "C50"]
[WhiteElo "1422"]
[BlackElo "1702"]
[Annotator "NA RC"]
[PlyCount "81"]
[EventDate "2022.07.09"]
[EventType "swiss"]
[EventCountry "POL"]
[SourceTitle "playchess.com"]
[Source "ChessBase"]
[SourceQuality "1"]
[TimeControl "40/5400+30:1800+30"]

1. e4 e5 2. Nf3 Nc6 3. Bc4 Nf6 4. d3 Bc5 5. c3 d6 6. Bb3 O-O 7. Nbd2 a6 8. a4 Ba7 9. Nf1 h6 10. Ng3 Ne7 11. O-O Ng6 12. Be3 Bxe3 13. fxe3 Be6 14. Bxe6 fxe6 15. Qb3 Qd7 16. d4 exd4 17. exd4 b5 18. c4 bxa4 19. Rxa4 Rfb8 20. Rb4 Rxb4 21. Qxb4 a5 22. Qb7 Qc8 23. Qc6 Qa6 24. Qa4 Rb8 25. Qc2 e5 26. dxe5 dxe5 27. Nf5 Qb6+ 28. c5 Qb3 29. Qd2 Qxb2 30. Nxh6+ gxh6 31. Qxh6 Nf4 32. Qg5+ Kh7 33. Nxe5 Rg8 34. Qf5+ Rg6 35. Rf2 Qa1+ 36. Rf1 Qb2 37. Rf2 Qa1+ 38. Rf1 Qb2 39. Rf2 Qc1+ 40. Rf1 Qe3+ 41. Kh1 1/2-1/2

[Event "Najdorf Memorial-B 2022"]
[Site "Warsaw"]
[Date "2022.07.10"]
[Round "2.10"]
[White "Gajewski, Dariusz"]
[Black "Przybyla, Andrzej"]
[Result "1-0"]
[ECO "B20"]
[WhiteElo "1697"]
[BlackElo "1418"]
[Annotator "NA RC"]
[PlyCount "87"]
[EventDate "2022.07.09"]
[EventType "swiss"]
[EventCountry "POL"]
[SourceTitle "playchess.com"]
[Source "ChessBase"]
[SourceQuality "1"]
[TimeControl "40/5400+30:1800+30"]

1. e4 c5 2. a3 e6 3. b4 cxb4 4. axb4 Bxb4 5. Bb2 Nf6 6. e5 Nd5 7. c4 Nb6 8. Ra3 Nc6 9. Rg3 g6 10. h4 h5 11. Nf3 Ne7 12. Bd3 d5 13. Nc3 dxc4 14. Bc2 Nbd5 15. Ne4 Nf5 16. Rg5 Be7 17. g4 hxg4 18. Rxg4 Qb6 19. Ba1 Bd7 20. Nd6+ Bxd6 21. exd6 Rg8 22. Bxf5 exf5 23. Rxc4 Qxd6 24. O-O Be6 25. Re1 Ke7 26. Qb3 Qb6 27. Qa3+ Qd6 28. Qc1 b5 29. Rc6 Qb4 30. Nd4 Kf8 31. Bb2 Ne7 32. Rcxe6 fxe6 33. Nxe6+ Kf7 34. Ng5+ Kf8 35. Ne6+ Kf7 36. Ng5+ Kf8 37. Ba3 Qg4+ 38. Kf1 Re8 39. Rxe7 Rxe7 40. Bxe7+ Kxe7 41. Qc7+ Ke8 42. Qf7+ Kd8 43. Ne6+ Kc8 44. Qc7# 1-0

[Event "Najdorf Memorial-B 2022"]
[Site "Warsaw"]
[Date "2022.07.10"]
[Round "2.11"]
[White "Napieralski, Lucjan"]
[Black "Szewczak, Andrzej"]
[Result "1-0"]
[ECO "C60"]
[WhiteElo "1414"]
[BlackElo "1694"]
[Annotator "NA RC"]
[PlyCount "145"]
[EventDate "2022.07.09"]
[EventType "swiss"]
[EventCountry "POL"]
[SourceTitle "playchess.com"]
[Source "ChessBase"]
[SourceQuality "1"]
[TimeControl "40/5400+30:1800+30"]

1. e4 e5 2. Nf3 Nc6 3. Bb5 Qf6 4. O-O Bc5 5. c3 Nge7 6. d3 h6 7. Be3 Bb6 8. d4 a6 9. Ba4 Ba7 10. Bc2 d6 11. d5 Nd8 12. Bxa7 Rxa7 13. Qd3 O-O 14. Qe3 Ra8 15. Nbd2 g5 16. Rfc1 Qg6 17. Ne1 f5 18. f3 f4 19. Qe2 h5 20. Nd3 Nf7 21. Kf2 Qf6 22. Rh1 Ng6 23. Rag1 g4 24. Ke1 Ng5 25. Kd1 Rf7 26. Kc1 Bd7 27. Bd1 gxf3 28. gxf3 Nh3 29. Rf1 Kh7 30. Nf2 Rg8 31. Nxh3 Bxh3 32. Rfg1 Rfg7 33. Qf2 b6 34. Be2 a5 35. Bf1 Bxf1 36. Qxf1 Qh4 37. Rg2 Nf8 38. Rhg1 Rg6 39. Rxg6 Rxg6 40. Rxg6 Nxg6 41. Qg2 Qe1+ 42. Kc2 Nh4 43. Qh3 Qf2 44. Qd7+ Kh6 45. Qxc7 Qxh2 46. Qxd6+ Kh7 47. Qe7+ Kg8 48. d6 Nxf3 49. d7 Qxd2+ 50. Kb3 Nd4+ 51. cxd4 Qd3+ 52. Ka4 Qxd4+ 53. Kb5 Qd3+ 54. Kxb6 Qd4+ 55. Kxa5 Qa7+ 56. Kb5 Qb7+ 57. Kc5 Qa7+ 58. Kb4 Qd4+ 59. Ka3 Qe3+ 60. Ka4 Qa7+ 61. Kb5 Qb7+ 62. Kc5 Qa7+ 63. Kd6 Qb6+ 64. Kxe5 Qxb2+ 65. Kf5 Qb5+ 66. e5 Qb1+ 67. Kf6 Qb6+ 68. Qe6+ Qxe6+ 69. Kxe6 f3 70. d8=Q+ Kh7 71. Kf7 f2 72. Qg8+ Kh6 73. Qg6# 1-0

[Event "Najdorf Memorial-B 2022"]
[Site "Warsaw"]
[Date "2022.07.10"]
[Round "2.12"]
[White "Przybylski, Jan"]
[Black "Wasylewski, Marcin"]
[Result "1-0"]
[ECO "B98"]
[WhiteElo "1685"]
[BlackElo "1412"]
[Annotator "NA RC"]
[PlyCount "56"]
[EventDate "2022.07.09"]
[EventType "swiss"]
[EventCountry "POL"]
[SourceTitle "playchess.com"]
[Source "ChessBase"]
[SourceQuality "1"]
[TimeControl "40/5400+30:1800+30"]

1. e4 c5 2. Nf3 d6 3. d4 cxd4 4. Nxd4 Nf6 5. Nc3 a6 6. Bg5 e6 7. f4 Be7 8. Qf3 Nbd7 9. O-O-O h6 10. Bxf6 Nxf6 11. e5 Nd7 12. exd6 Bf6 13. Bc4 Nb6 14. Bb3 O-O 15. Rhe1 Re8 16. Qe4 e5 17. Nf3 Bg4 18. fxe5 Bxf3 19. Qxf3 Rxe5 20. Rxe5 Bxe5 21. Qxf7+ Kh8 22. Ne4 Qh4 23. Qxb7 Rf8 24. g3 Qg4 25. Qxb6 Qxe4 26. d7 Bc7 27. Qxc7 Qe3+ 28. Kb1 Qd4 1-0

[Event "Najdorf Memorial-B 2022"]
[Site "Warsaw"]
[Date "2022.07.10"]
[Round "2.13"]
[White "Wnuk, Piotr"]
[Black "Nocek, Dominik"]
[Result "1/2-1/2"]
[ECO "A02"]
[WhiteElo "1412"]
[BlackElo "1682"]
[Annotator "NA RC"]
[PlyCount "62"]
[EventDate "2022.07.09"]
[EventType "swiss"]
[EventCountry "POL"]
[SourceTitle "playchess.com"]
[Source "ChessBase"]
[SourceQuality "1"]
[TimeControl "40/5400+30:1800+30"]

1. f4 Nf6 2. Nf3 g6 3. b3 Bg7 4. Bb2 O-O 5. e3 c5 6. Be2 Nc6 7. O-O b6 8. h3 d5 9. d3 Bb7 10. Nbd2 Ng4 11. hxg4 Bxb2 12. Rb1 Bg7 13. a3 Qd7 14. Nh2 e6 15. Ndf3 Rae8 16. d4 cxd4 17. exd4 Qd6 18. Ne5 f6 19. Nxc6 Bxc6 20. a4 Rc8 21. Qd2 Bd7 22. Nf3 Rc7 23. Ba6 Bc8 24. Bd3 Bd7 25. Ba6 Qc6 26. Bd3 Qc3 27. Qxc3 Rxc3 28. Rbe1 Kf7 29. Re2 Rb8 30. Ra1 a5 31. g5 f5 1/2-1/2

[Event "Najdorf Memorial-B 2022"]
[Site "Warsaw"]
[Date "2022.07.10"]
[Round "2.14"]
[White "Yasmo, Daniil"]
[Black "Adamowicz, Michal"]
[Result "1-0"]
[ECO "B20"]
[WhiteElo "1680"]
[BlackElo "1408"]
[Annotator "NA RC"]
[PlyCount "89"]
[EventDate "2022.07.09"]
[EventType "swiss"]
[EventCountry "POL"]
[SourceTitle "playchess.com"]
[Source "ChessBase"]
[SourceQuality "1"]
[TimeControl "40/5400+30:1800+30"]

1. e4 c5 2. c4 Nc6 3. Nc3 Nf6 4. g3 d6 5. Bg2 g6 6. Nge2 Bg7 7. O-O O-O 8. a3 a6 9. Rb1 Rb8 10. b4 cxb4 11. axb4 b5 12. cxb5 axb5 13. d4 e5 14. dxe5 dxe5 15. Nd5 Nxd5 16. exd5 Nd4 17. Nxd4 exd4 18. Bf4 Ra8 19. Rc1 Ra4 20. Bc7 Qg5 21. h4 Qg4 22. Bf3 Qf5 23. Bd6 Rd8 24. Be7 Re8 25. d6 Bd7 26. Rc7 Be5 27. Re1 f6 28. Bd5+ Kg7 29. Be4 Qe6 30. Bc2 Rxb4 31. f4 Qh3 32. Qf3 Rxe7 33. fxe5 Rf7 34. exf6+ Rxf6 35. Rxd7+ Qxd7 36. Re7+ Qxe7 37. dxe7 Rxf3 38. e8=Q Rb2 39. Qe5+ Kh6 40. Qg5+ Kg7 41. Qe5+ Kh6 42. Be4 Re3 43. Qg5+ Kg7 44. Qe7+ Kh6 45. Qf8+ 1-0

[Event "Najdorf Memorial-B 2022"]
[Site "Warsaw"]
[Date "2022.07.10"]
[Round "2.15"]
[White "Rutkowski, Feliks"]
[Black "Warcaba, Jakub"]
[Result "1/2-1/2"]
[ECO "B80"]
[WhiteElo "1406"]
[BlackElo "1674"]
[Annotator "NA RC"]
[PlyCount "103"]
[EventDate "2022.07.09"]
[EventType "swiss"]
[EventCountry "POL"]
[SourceTitle "playchess.com"]
[Source "ChessBase"]
[SourceQuality "1"]
[TimeControl "40/5400+30:1800+30"]

1. e4 c5 2. Nf3 e6 3. d4 cxd4 4. Nxd4 Nf6 5. Nc3 d6 6. f3 a6 7. a4 Be7 8. Be3 Nc6 9. Nb3 Na5 10. Nd4 Qc7 11. Qd2 e5 12. Nf5 Bxf5 13. exf5 d5 14. Nxd5 Nxd5 15. Qxd5 Rd8 16. Qe4 Bc5 17. Bd3 Bxe3 18. Qxe3 Nc4 19. Bxc4 Qxc4 20. Qxe5+ Kf8 21. Qc3 Re8+ 22. Kf2 Re2+ 23. Kg3 Qxc3 24. bxc3 h5 25. Rac1 Rh6 26. Rhe1 Rd2 27. Rcd1 Rhd6 28. Rxd2 Rxd2 29. Rb1 Rxc2 30. Rxb7 Rxc3 31. Rb6 h4+ 32. Kh3 a5 33. Rb5 Ke7 34. Rxa5 Rc4 35. Ra8 Kf6 36. Rh8 Rxa4 37. Rxh4 Rxh4+ 38. Kxh4 Kxf5 39. Kg3 g5 40. f4 f6 41. fxg5 fxg5 42. h4 Kg6 43. Kg4 gxh4 44. Kxh4 Kh6 45. Kg4 Kg6 46. g3 Kh6 47. Kf5 Kh5 48. g4+ Kh6 49. Kf6 Kh7 50. g5 Kg8 51. Kg6 Kh8 52. Kf7 1/2-1/2

[Event "Najdorf Memorial-B 2022"]
[Site "Warsaw"]
[Date "2022.07.10"]
[Round "2.16"]
[White "Smeryk, Andriy"]
[Black "Wieckowski, Michal"]
[Result "1/2-1/2"]
[ECO "A01"]
[WhiteElo "1397"]
[BlackElo "1669"]
[Annotator "NA RC"]
[PlyCount "93"]
[EventDate "2022.07.09"]
[EventType "swiss"]
[EventCountry "POL"]
[SourceTitle "playchess.com"]
[Source "ChessBase"]
[SourceQuality "1"]
[TimeControl "40/5400+30:1800+30"]

1. b3 d5 2. Bb2 c5 3. e3 Nc6 4. f4 e6 5. Nf3 Nf6 6. Bd3 Be7 7. O-O O-O 8. Ne5 Bd7 9. Rf3 Nxe5 10. Bxe5 g6 11. Rh3 Ne4 12. Qf3 f6 13. Bb2 e5 14. Rh4 f5 15. Rh6 Bf6 16. Bxe5 Bxe5 17. fxe5 Qe7 18. Bxe4 fxe4 19. Qg3 Rf5 20. Nc3 Qxe5 21. Qxe5 Rxe5 22. Rh4 Rf8 23. Rf4 Ref5 24. Raf1 Rxf4 25. Rxf4 Rxf4 26. exf4 Bc6 27. Nd1 d4 28. Nf2 Kf7 29. Ng4 Ke6 30. g3 Kf5 31. Nh6+ Ke6 32. Ng4 a5 33. Ne5 Be8 34. Nc4 a4 35. Nb6 axb3 36. axb3 Bc6 37. Kf2 Kf5 38. h3 h5 39. h4 Kg4 40. Nc4 Kh3 41. Ne5 Be8 42. Nc4 b5 43. Nd6 Bc6 44. f5 gxf5 45. Nxf5 Bd7 46. Nd6 Bc6 47. Nf5 1/2-1/2

[Event "Najdorf Memorial-B 2022"]
[Site "Warsaw"]
[Date "2022.07.10"]
[Round "2.17"]
[White "Machnik, Stanislaw"]
[Black "Carrieri, Maurizio"]
[Result "1-0"]
[ECO "B33"]
[WhiteElo "1381"]
[BlackElo "1666"]
[Annotator "NA RC"]
[PlyCount "89"]
[EventDate "2022.07.09"]
[EventType "swiss"]
[EventCountry "POL"]
[SourceTitle "playchess.com"]
[Source "ChessBase"]
[SourceQuality "1"]
[TimeControl "40/5400+30:1800+30"]

1. e4 c5 2. Nf3 Nc6 3. d4 cxd4 4. Nxd4 Nf6 5. Nc3 e5 6. Ndb5 d6 7. Bg5 a6 8. Na3 b5 9. Nd5 Be7 10. Bxf6 Bxf6 11. c3 Bg5 12. h4 Bh6 13. g4 Bf4 14. Qf3 Be6 15. Nxf4 exf4 16. Qxf4 Ne5 17. Qg3 Bxg4 18. Be2 Bxe2 19. Kxe2 Qf6 20. Rhg1 Rc8 21. f4 Ng6 22. f5 Ne5 23. Qxg7 Qxg7 24. Rxg7 Ke7 25. Nc2 Ng6 26. fxg6 hxg6 27. Rf1 Rcf8 28. Rf4 Rh5 29. Ne1 a5 30. Nf3 a4 31. Ng5 Ke8 32. Rgxf7 Rxf7 33. Nxf7 Ke7 34. Ng5 Kd7 35. Kd3 Kc6 36. Kd4 Rh8 37. Ne6 Rh5 38. Nf8 g5 39. hxg5 Rxg5 40. Ke3 Rg2 41. Rf2 Rxf2 42. Kxf2 a3 43. b3 b4 44. c4 Kc5 45. Ne6+ 1-0

[Event "Najdorf Memorial-B 2022"]
[Site "Warsaw"]
[Date "2022.07.11"]
[Round "3.1"]
[White "Grudzinski, Krzysztof"]
[Black "Mazur, Wojciech"]
[Result "1-0"]
[ECO "E59"]
[WhiteElo "1520"]
[BlackElo "1750"]
[Annotator "NA RC"]
[PlyCount "85"]
[EventDate "2022.07.09"]
[EventType "swiss"]
[EventCountry "POL"]
[SourceTitle "playchess.com"]
[Source "ChessBase"]
[SourceQuality "1"]
[TimeControl "40/5400+30:1800+30"]

1. d4 Nf6 2. c4 e6 3. Nc3 Bb4 4. e3 O-O 5. Bd3 d5 6. Nf3 c5 7. O-O Nc6 8. a3 Bxc3 9. bxc3 dxc4 10. Bxc4 Qc7 11. Ba2 e5 12. h3 e4 13. Nd2 Bf5 14. Qe2 Rfe8 15. Bb2 Rad8 16. Rfe1 Qe7 17. Nf1 h5 18. Nd2 h4 19. Nb3 cxd4 20. cxd4 Bc8 21. Rec1 Nd5 22. Nd2 Qg5 23. Kh1 Re6 24. Rg1 Qe7 25. Rac1 b6 26. Qb5 a6 27. Qe2 g5 28. Nxe4 Rxe4 29. Rxc6 Bb7 30. Rh6 g4 31. hxg4 Kg7 32. g5 Nf4 33. d5+ Re5 34. Bxe5+ Qxe5 35. Qg4 Ng6 36. Qh5 h3 37. Rxg6+ fxg6 38. Qh6+ Kf7 39. d6+ Bd5 40. Qh7+ Kf8 41. Bxd5 Qxd5 42. Qh8+ Kf7 43. Qf6+ 1-0

[Event "Najdorf Memorial-B 2022"]
[Site "Warsaw"]
[Date "2022.07.11"]
[Round "3.2"]
[White "Mossakowski, Jakub"]
[Black "Gajewski, Dariusz"]
[Result "1-0"]
[ECO "A04"]
[WhiteElo "1487"]
[BlackElo "1697"]
[Annotator "NA"]
[PlyCount "127"]
[EventDate "2022.07.09"]
[EventType "swiss"]
[EventCountry "POL"]
[SourceTitle "playchess.com"]
[Source "ChessBase"]
[SourceQuality "1"]
[TimeControl "40/5400+30:1800+30"]

1. Nf3 g6 2. d4 Bg7 3. c4 d6 4. Nc3 Nf6 5. e4 O-O 6. h3 Nc6 7. Be3 e5 8. d5 Ne7 9. Bd3 Nh5 10. g4 Nf4 11. Qd2 Ng2+ 12. Kd1 Nxe3+ 13. fxe3 Bd7 14. Kc2 a6 15. Rag1 c6 16. h4 h6 17. Qf2 b5 18. h5 g5 19. Nxg5 bxc4 20. Bxc4 cxd5 21. exd5 Rc8 22. Bb3 a5 23. a3 a4 24. Ba2 hxg5 25. h6 Qa5 26. hxg7 Kxg7 27. Rh5 f6 28. Rgh1 Kf7 29. Rh7+ Ke8 30. Rh8 Ng8 31. R1h7 Rc7 32. Qf3 Bc8 33. Qh3 Qa7 34. Qh5+ Kd8 35. Rxc7 Qxc7 36. Qg6 Bxg4 37. Kb1 Qd7 38. e4 Qe8 39. Qg7 Bd7 40. Bc4 g4 41. Bb5 Qe7 42. Rxg8 Rxg8 43. Qxg8+ Kc7 44. Be2 f5 45. Nb5+ Kb7 46. Qg6 Bxb5 47. Bxb5 fxe4 48. Qxg4 Kb6 49. Bxa4 Qh7 50. Bc2 Qh1+ 51. Qd1 Qf3 52. Qxf3 exf3 53. Kc1 Kc5 54. Kd2 Kd4 55. a4 e4 56. a5 e3+ 57. Ke1 Kxd5 58. b4 f2+ 59. Ke2 Kd4 60. a6 Kc3 61. a7 f1=Q+ 62. Kxf1 Kd2 63. Bd3 Kxd3 64. a8=Q 1-0

[Event "Najdorf Memorial-B 2022"]
[Site "Warsaw"]
[Date "2022.07.11"]
[Round "3.3"]
[White "Prokopiuk, Jakub"]
[Black "Przybylski, Jan"]
[Result "1/2-1/2"]
[ECO "B81"]
[WhiteElo "1481"]
[BlackElo "1685"]
[Annotator "NA RC"]
[PlyCount "83"]
[EventDate "2022.07.09"]
[EventType "swiss"]
[EventCountry "POL"]
[SourceTitle "playchess.com"]
[Source "ChessBase"]
[SourceQuality "1"]
[TimeControl "40/5400+30:1800+30"]

1. e4 c5 2. Nf3 e6 3. d4 cxd4 4. Nxd4 Nf6 5. Nc3 d6 6. g4 h6 7. Rg1 Nc6 8. Be3 d5 9. exd5 Nxd5 10. Nxd5 exd5 11. Qd2 Bd6 12. O-O-O Bxh2 13. Rg2 Be5 14. Bb5 Qd6 15. c3 Bd7 16. Nf3 O-O-O 17. Qxd5 Be6 18. Qxd6 Bxd6 19. a3 Bc7 20. Nd4 Nxd4 21. Bxd4 Bf4+ 22. Kc2 Rhg8 23. Bd3 a6 24. Bh7 Rh8 25. Bf5 Bxf5+ 26. gxf5 Rhg8 27. Rdg1 Bg5 28. f4 Bxf4 29. Rxg7 Rxg7 30. Rxg7 Rd7 31. Kd3 Kc7 32. a4 Bg5 33. Ke4 Kd6 34. Rg8 Rd8 35. Rg7 Ke7 36. Rh7 Kf8 37. f6 Kg8 38. Rg7+ Kf8 39. Rh7 Ke8 40. Ke5 Rc8 41. Rh8+ Kd7 42. Rh7 1/2-1/2

[Event "Najdorf Memorial-B 2022"]
[Site "Warsaw"]
[Date "2022.07.11"]
[Round "3.4"]
[White "Marciniak, Kajetan"]
[Black "Yasmo, Daniil"]
[Result "0-1"]
[ECO "A05"]
[WhiteElo "1371"]
[BlackElo "1680"]
[Annotator "NA RC"]
[PlyCount "82"]
[EventDate "2022.07.09"]
[EventType "swiss"]
[EventCountry "POL"]
[SourceTitle "playchess.com"]
[Source "ChessBase"]
[SourceQuality "1"]
[TimeControl "40/5400+30:1800+30"]

1. Nf3 Nf6 2. c4 g6 3. b4 Bg7 4. Bb2 O-O 5. g3 c6 6. Bg2 a5 7. b5 a4 8. Na3 d6 9. O-O e5 10. d3 Nbd7 11. e3 Re8 12. bxc6 bxc6 13. Ng5 d5 14. cxd5 cxd5 15. Nc4 h6 16. Nh3 Ra6 17. Na3 Qa5 18. Qc2 Bb7 19. Rfc1 Rc6 20. Qd1 Rec8 21. Rxc6 Rxc6 22. Rc1 Rxc1 23. Qxc1 Nc5 24. Bxe5 Nxd3 25. Qc3 Qxc3 26. Bxc3 Nc1 27. Bd4 g5 28. f4 g4 29. Nf2 Nxa2 30. Bf1 Bc6 31. Nd3 Ne4 32. Bxg7 Kxg7 33. Ne5 Be8 34. Ba6 Nb4 35. Bb7 Nd6 36. Ba8 h5 37. h3 f6 38. hxg4 fxe5 39. fxe5 Nc4 40. Nxc4 dxc4 41. gxh5 a3 0-1

[Event "Najdorf Memorial-B 2022"]
[Site "Warsaw"]
[Date "2022.07.11"]
[Round "3.5"]
[White "Slusarczyk, Anna"]
[Black "Wasiluk, Mateusz"]
[Result "1-0"]
[ECO "A48"]
[WhiteElo "1637"]
[BlackElo "1496"]
[Annotator "NA RC"]
[PlyCount "65"]
[EventDate "2022.07.09"]
[EventType "swiss"]
[EventCountry "POL"]
[SourceTitle "playchess.com"]
[Source "ChessBase"]
[SourceQuality "1"]
[TimeControl "40/5400+30:1800+30"]

1. d4 Nf6 2. Nf3 g6 3. Bf4 d6 4. e3 Bg7 5. h3 O-O 6. Bh2 Nbd7 7. c3 Qe8 8. Be2 e5 9. O-O b6 10. a4 Bb7 11. Na3 e4 12. Nd2 a6 13. a5 Qe7 14. axb6 Nxb6 15. Nac4 Nxc4 16. Nxc4 Bc6 17. Na5 Bb5 18. c4 Bd7 19. Qd2 d5 20. Bxc7 Bxh3 21. Bg3 Bd7 22. c5 Ne8 23. Qb4 Bb5 24. Bxb5 axb5 25. Qxb5 f5 26. Nc6 Qf7 27. Rxa8 g5 28. Be5 f4 29. Nd8 Qh5 30. Qd7 Bxe5 31. Qxd5+ Kh8 32. Qxe5+ Nf6 33. Ne6 1-0

[Event "Najdorf Memorial-B 2022"]
[Site "Warsaw"]
[Date "2022.07.11"]
[Round "3.6"]
[White "Czarnowicz, Michal"]
[Black "Iwaszkiewicz, Krzysztof"]
[Result "1/2-1/2"]
[ECO "D10"]
[WhiteElo "1346"]
[BlackElo "1630"]
[Annotator "NA RC"]
[PlyCount "59"]
[EventDate "2022.07.09"]
[EventType "swiss"]
[EventCountry "POL"]
[SourceTitle "playchess.com"]
[Source "ChessBase"]
[SourceQuality "1"]
[TimeControl "40/5400+30:1800+30"]

1. d4 d5 2. c4 c6 3. Nc3 Nf6 4. Bg5 e6 5. e3 h6 6. Bh4 Be7 7. cxd5 exd5 8. Bd3 O-O 9. Nge2 Nbd7 10. O-O Nh5 11. Bxe7 Qxe7 12. Qc2 Nb6 13. Na4 f5 14. Nxb6 axb6 15. Ng3 Nxg3 16. hxg3 Bd7 17. Qb3 b5 18. Rfc1 Qd6 19. Qc3 g5 20. Qc5 Qxc5 21. Rxc5 f4 22. gxf4 gxf4 23. e4 Ra4 24. exd5 Rxd4 25. dxc6 bxc6 26. Be2 Rd2 27. Bf3 Rxb2 28. Bxc6 Bxc6 29. Rxc6 Rd8 30. a4 1/2-1/2

[Event "Najdorf Memorial-B 2022"]
[Site "Warsaw"]
[Date "2022.07.11"]
[Round "3.7"]
[White "Dropia, Rafal"]
[Black "Trochimczuk, Szymon"]
[Result "0-1"]
[ECO "D00"]
[WhiteElo "1624"]
[BlackElo "1480"]
[Annotator "NA RC"]
[PlyCount "106"]
[EventDate "2022.07.09"]
[EventType "swiss"]
[EventCountry "POL"]
[SourceTitle "playchess.com"]
[Source "ChessBase"]
[SourceQuality "1"]
[TimeControl "40/5400+30:1800+30"]

1. d4 d5 2. Bf4 c5 3. e3 Nc6 4. Nf3 Nf6 5. c3 Qb6 6. Qb3 c4 7. Qxb6 axb6 8. Na3 Bf5 9. Nb5 Ra5 10. Nc7+ Kd7 11. Ne5+ Nxe5 12. dxe5 Nh5 13. Nxd5 Rxd5 14. Bxc4 Nxf4 15. exf4 Rc5 16. Bxf7 e6 17. Rd1+ Kc8 18. Bh5 Be7 19. Ke2 Rd8 20. Bf3 Rxd1 21. Rxd1 g5 22. g3 gxf4 23. gxf4 Rc4 24. Rd4 b5 25. Rxc4+ bxc4 26. b4 cxb3 27. axb3 Ba3 28. Kd2 Bc5 29. Ke2 Kc7 30. Bh5 Be4 31. Bg4 Kd7 32. Bh5 Ke7 33. Bg4 Ba7 34. c4 Bc5 35. Bf3 Bxf3+ 36. Kxf3 Kf7 37. Ke4 Bxf2 38. b4 Be1 39. b5 Bf2 40. f5 Bc5 41. Kf4 exf5 42. Kxf5 Ke7 43. h3 b6 44. Kf4 Ke6 45. Ke4 Bg1 46. h4 h5 47. Kf4 Bc5 48. Ke4 Bf2 49. Kf3 Bxh4 50. c5 bxc5 51. b6 Bd8 52. b7 Bc7 53. Ke4 Bxe5 0-1

[Event "Najdorf Memorial-B 2022"]
[Site "Warsaw"]
[Date "2022.07.11"]
[Round "3.8"]
[White "Bartoszczuk, Adam"]
[Black "Bubien, Antoni"]
[Result "0-1"]
[ECO "B06"]
[WhiteElo "1596"]
[BlackElo "1472"]
[Annotator "NA"]
[PlyCount "140"]
[EventDate "2022.07.09"]
[EventType "swiss"]
[EventCountry "POL"]
[SourceTitle "playchess.com"]
[Source "ChessBase"]
[SourceQuality "1"]
[TimeControl "40/5400+30:1800+30"]

1. e4 g6 2. d4 Bg7 3. Nc3 d6 4. f4 a6 5. Nf3 b5 6. a3 Nd7 7. Be2 Bb7 8. O-O c5 9. d5 Nb6 10. Be3 Nf6 11. Nd2 O-O 12. Bf3 e6 13. dxe6 fxe6 14. Qe2 Qc7 15. Qf2 Rac8 16. e5 Bxf3 17. exf6 Rxf6 18. Qxf3 d5 19. Ne2 d4 20. Bf2 e5 21. Bh4 Rf5 22. Qe4 exf4 23. Nxf4 Re5 24. Qf3 Rf8 25. Qg4 Qc6 26. Nd3 Rxf1+ 27. Rxf1 Re8 28. Qf3 Qxf3 29. Nxf3 c4 30. Nb4 Re2 31. Rf2 Re3 32. Bg5 Re4 33. Nxa6 Na4 34. b3 Nc3 35. Nc5 Re8 36. Kf1 Ra8 37. Bc1 Na2 38. Bd2 Rxa3 39. bxc4 bxc4 40. Ne6 d3 41. Be1 Bh6 42. cxd3 cxd3 43. Bd2 Bxd2 44. Rxd2 Nb4 45. Nf4 Kg7 46. Ne1 g5 47. Nfxd3 Nd5 48. Ke2 h5 49. Nf3 Kf6 50. Rc2 Ra4 51. Rc6+ Kf5 52. Rc2 Rg4 53. Kf2 Nf6 54. Rc5+ Ke6 55. Re5+ Kd6 56. Kg1 Ra4 57. Nxg5 Ng4 58. h3 Nxe5 59. Nxe5 Kxe5 60. Kh2 Kf4 61. Ne6+ Ke3 62. Ng7 h4 63. Nf5+ Kf2 64. Kh1 Rf4 65. Ng7 Rf7 66. Nh5 Rf5 67. Ng7 Rg5 68. Ne6 Re5 69. Nf4 Kg3 70. Nd3 Re3 0-1

[Event "Najdorf Memorial-B 2022"]
[Site "Warsaw"]
[Date "2022.07.11"]
[Round "3.9"]
[White "Krogulski, Maksymilian"]
[Black "Matskevich, Varvara"]
[Result "0-1"]
[ECO "B50"]
[WhiteElo "1584"]
[BlackElo "1467"]
[Annotator "NA RC"]
[PlyCount "134"]
[EventDate "2022.07.09"]
[EventType "swiss"]
[EventCountry "POL"]
[SourceTitle "playchess.com"]
[Source "ChessBase"]
[SourceQuality "1"]
[TimeControl "40/5400+30:1800+30"]

1. e4 c5 2. Nf3 d6 3. c3 Nf6 4. h3 Nc6 5. Bd3 e5 6. O-O Be7 7. Re1 O-O 8. Bc2 Qc7 9. Na3 a6 10. d4 b5 11. d5 Na5 12. Bd2 Bd7 13. Rc1 Qb6 14. b4 cxb4 15. cxb4 Nc4 16. Nxc4 bxc4 17. Ba4 Bb5 18. Be3 Qb7 19. Nd2 Qd7 20. Bxb5 axb5 21. Qc2 Ra4 22. Qb2 Rfa8 23. Ra1 Qc8 24. Rec1 Ra3 25. Rc3 Qa6 26. Rxa3 Qxa3 27. Qxa3 Rxa3 28. Kf1 Ra4 29. f3 Rxb4 30. Rb1 Rxb1+ 31. Nxb1 b4 32. Nd2 c3 33. Nb3 Bd8 34. Ke2 Nd7 35. Kd3 Bb6 36. Bc1 Nc5+ 37. Nxc5 Bxc5 38. a3 bxa3 39. Kxc3 a2 40. Bb2 Bd4+ 41. Kb3 a1=Q 42. Bxa1 Bxa1 43. Kb4 g6 44. Kb5 Kf8 45. Kc6 Ke7 46. g4 Bd4 47. Kc7 Bc5 48. Kc8 f5 49. Kc7 fxe4 50. fxe4 Kf6 51. h4 Ke7 52. Kc6 h5 53. gxh5 gxh5 54. Kb5 Bf2 55. Kc4 Bxh4 56. Kd3 Kf6 57. Ke3 Kg5 58. Kf3 Be1 59. Kg2 Kf4 60. Kf1 Kxe4 61. Kxe1 Kf3 62. Kf1 e4 63. Kg1 e3 64. Kh2 e2 65. Kh3 e1=Q 66. Kh2 Qg3+ 67. Kh1 Qg2# 0-1

[Event "Najdorf Memorial-B 2022"]
[Site "Warsaw"]
[Date "2022.07.11"]
[Round "3.10"]
[White "Kalus, Franciszek"]
[Black "Chekhani, Anna"]
[Result "1/2-1/2"]
[ECO "E16"]
[WhiteElo "1344"]
[BlackElo "1575"]
[Annotator "NA RC"]
[PlyCount "54"]
[EventDate "2022.07.09"]
[EventType "swiss"]
[EventCountry "POL"]
[SourceTitle "playchess.com"]
[Source "ChessBase"]
[SourceQuality "1"]
[TimeControl "40/5400+30:1800+30"]

1. d4 Nf6 2. c4 e6 3. Nf3 Bb4+ 4. Bd2 Qe7 5. g3 b6 6. Bg2 Bb7 7. O-O O-O 8. Bf4 Bd6 9. Bxd6 cxd6 10. Nc3 Rc8 11. b3 d5 12. Nd2 d6 13. Rc1 dxc4 14. Bxb7 Qxb7 15. Nxc4 Qd7 16. a4 d5 17. Ne5 Qd8 18. Nb5 Ne8 19. Rxc8 Qxc8 20. Qc1 Qb7 21. Qa3 f6 22. Nd3 Nc6 23. Rc1 Qd7 24. Nb4 Ne7 25. Na6 Rc8 26. Rxc8 Nxc8 27. Qc1 Ncd6 1/2-1/2